 Dungeon Crawl Stone Soup version 0.24.0-1-gfbc8707122 (webtiles) character file.

Game seed: 1595635620632418459, levelgen mode: deterministic

4911 urpal the Fencer (level 10, -7/91 HPs)
             Began as a Minotaur Fighter on Oct 25, 2019.
             Was a Believer of Okawaru.
             Mangled by Neremis's ghost (10 damage)
             ... on level 8 of the Dungeon.
             The game lasted 00:21:20 (7107 turns).

urpal the Fencer (Minotaur Fighter)                 Turns: 7107, Time: 00:21:24

Health: -7/91      AC: 13    Str: 29    XL:     10   Next: 27%
Magic:  18/18      EV:  5    Int:  5    God:    Okawaru [**....]
Gold:   400        SH: 10    Dex: 10    Spells: 9/9 levels left

rFire    . . .     SeeInvis .   a - +2 long sword
rCold    + . .     Gourm    .   c - +0 shield
rNeg     . . .     Faith    .   e - +2 plate armour
rPois    .         Spirit   .   (helmet restricted)
rElec    .         Reflect  .   (no cloak)
rCorr    .         Harm     .   (no gloves)
MR       .....                  (no boots)
Stlth    ..........             (no amulet)
HPRegen  0.25/turn              k - ring of protection from cold
MPRegen  0.16/turn              y - ring of magical power

@: mighty
A: retaliatory headbutt, horns 2
a: Heroism, Renounce Religion


You were on level 8 of the Dungeon.
You worshipped Okawaru.
Okawaru was pleased with you.
You were hungry.

You visited 2 branches of the dungeon, and saw 9 of its levels.

You collected 400 gold pieces.

Inventory:

Hand Weapons
 a - a +2 long sword (weapon)
Missiles
 t - 3 boomerangs (quivered)
Armour
 b - a +0 scale mail
 c - a +0 shield (worn)
 e - a +2 plate armour (worn)
Jewellery
 k - a ring of protection from cold (left hand)
 o - a +4 ring of intelligence
 y - a ring of magical power (right hand)
Wands
 m - a wand of iceblast (6)
 w - a wand of enslavement (8)
Scrolls
 d - 12 scrolls of teleportation
 g - a scroll of noise
 i - 2 scrolls of blinking
 j - 6 scrolls of magic mapping
 p - 3 scrolls of remove curse
 u - 3 scrolls of fog
 A - a scroll of amnesia {unknown}
 D - 2 scrolls of identify
 G - a scroll of vulnerability {unknown}
 H - 3 scrolls of enchant armour
Potions
 h - a potion of haste {unknown}
 l - 3 potions of flight {unknown}
 n - 3 potions of brilliance
 r - a potion of invisibility {unknown}
 s - 3 potions of curing
 v - a potion of cancellation {unknown}
 z - 2 potions of berserk rage
 B - a potion of degeneration {unknown}
 C - 2 potions of lignification {unknown}
 F - a potion of resistance {unknown}
Comestibles
 f - 13 rations


   Skills:
 + Level 9.2 Fighting
 - Level 15.2 Long Blades
 - Level 3.8 Armour
 - Level 3.8 Shields


You had 9 spell levels left.
You didn't know any spells.
Your spell library contained the following spells:

 Spells                   Type           Power        Failure   Level  Hunger
 Animate Skeleton         Necr           N/A          100%        1    ##.....
 Apportation              Tloc           #.....       100%        1    ##.....
 Confusing Touch          Hex            #.....       100%        1    ##.....
 Pain                     Necr           #...         100%        1    ##.....
 Summon Small Mammal      Summ           #...         100%        1    ##.....
 Regeneration             Chrm/Necr      #.........   100%        3    ####...
 Vampiric Draining        Necr           #.........   100%        3    ####...
 Animate Dead             Necr           N/A          100%        4    #####..


Dungeon Overview and Level Annotations

Branches:
Dungeon (8/15)             Temple (1/1) D:7
   Lair: D:8-11

Altars:
Ashenzari
Elyvilon
Gozag
Makhleb
Nemelex Xobeh
Okawaru
Uskayaw
Vehumet
Wu Jian
Xom
Yredelemnul
Zin
The Shining One

Annotations:
D:8 exclusion: statue, Folque011's ghost, novice DgCj; Gaball's ghost, novice MiBe; Jahylo's ghost, novice DECj; Neremis's ghost, novice GrFi


Innate Abilities, Weirdness & Mutations

You reflexively headbutt those who attack you in melee.
You have a pair of horns on your head.


Message History

Folque011's ghost hits you but does no damage.
You hit Neremis's ghost. You headbutt Neremis's ghost!
Neremis's ghost is lightly damaged.
You feel like a meek peon again. Neremis's ghost hits you.
* * * LOW HITPOINT WARNING * * *
You block Gaball's ghost's attack.
You barely miss Neremis's ghost. You headbutt Neremis's ghost.
Neremis's ghost is moderately damaged.
Folque011's ghost gestures at you while chanting.
The spray of energy hits you!
* * * LOW HITPOINT WARNING * * *
Jahylo's ghost closely misses you. You block Neremis's ghost's attack.
You hit Neremis's ghost. You headbutt Neremis's ghost.
Neremis's ghost is moderately damaged.
Gaball's ghost completely misses you.
Jahylo's ghost hits you but does no damage.
Folque011's ghost casts a spell at you. You block the spray of energy.
Neremis's ghost hits you!
You die...

#....>......###.##.## #
##########..# ##.
#..######### #.....#.8.?##
#.###.#....8# #.###.#....$:
#.....'.....? #.##W.W.....8
#>###@W.....( ###.#
#W#...... #...###.#....8#
#.......#(8$(######## #
#....##.######......# #
..###.....#..........##.# #
.........#######.###.##.####
.#####.## #.# #.##..... ##
#.# #.# #..#..###


You could see Folque011's ghost, Gaball's ghost, Jahylo's ghost and Neremis's
ghost.

Vanquished Creatures
  The ghost of Deitsab the Cleaver, a novice MiBe of Trog (D:8)
  A two-headed ogre (D:8)
  Pikel (D:5)
  Grinder (D:3)
  Prince Ribbit (D:6)
  A hungry ghost (D:8)
  Duvessa (D:6)
  An orc warrior (D:5)
  A sky beast (D:7)
  4 slaves (D:5)
  5 ogres
  A centaur (D:6)
  A crocodile (D:7)
  4 bullfrogs
  A water moccasin zombie (D:5)
  A wyvern zombie (D:7)
  2 scorpions (D:4)
  Dowan (D:6)
  A howler monkey (D:4)
  A crimson imp (D:5)
  6 hounds
  3 jellies
  3 orc priests
  13 orc wizards
  2 bullfrog skeletons
  Jessica (D:3)
  2 iguanas (D:5)
  2 worker ants
  A killer bee zombie (D:8)
  A hound zombie (D:7)
  7 gnolls
  6 adders
  A shadow imp (D:8)
  3 oozes
  3 worms (D:3)
  4 dart slugs
  4 leopard geckos
  36 orcs
  3 ball pythons
  6 giant cockroaches
  6 goblins
  4 hobgoblins
  3 jackals (D:6)
  3 quokkas
  6 bats
  2 frilled lizards
  2 gnoll zombies (D:5)
  8 kobolds
  2 leopard gecko skeletons
  10 rats
184 creatures vanquished.

Notes
Turn   | Place    | Note
-------+----------+-------------------------------------------
     0 | D:1      | urpal the Minotaur Fighter began the quest for the Orb.
     0 | D:1      | Reached XP level 1. HP: 19/19 MP: 0/0
   286 | D:1      | Reached XP level 2. HP: 27/27 MP: 1/1
   291 | D:1      | Reached skill level 3 in Long Blades
   668 | D:2      | Reached skill level 4 in Long Blades
   668 | D:2      | Reached XP level 3. HP: 23/33 MP: 2/2
  1471 | D:3      | Reached skill level 5 in Long Blades
  1471 | D:3      | Reached XP level 4. HP: 26/40 MP: 3/3
  1476 | D:3      | HP: 1/40 [orc priest/divine providence (13)]
  1777 | D:3      | Noticed Jessica
  1788 | D:3      | Killed Jessica
  1788 | D:3      | Reached skill level 6 in Long Blades
  1788 | D:3      | Reached XP level 5. HP: 46/46 MP: 4/4
  1988 | D:3      | Found a glowing golden altar of the Shining One.
  2086 | D:3      | Found an opulent altar of Gozag.
  2100 | D:3      | Reached skill level 7 in Long Blades
  2175 | D:3      | Noticed Grinder
  2180 | D:3      | Paralysed by Grinder for 7 turns
  2198 | D:3      | Killed Grinder
  2198 | D:3      | Reached skill level 8 in Long Blades
  2198 | D:3      | Reached XP level 6. HP: 18/52 MP: 5/5
  2740 | D:4      | Reached skill level 9 in Long Blades
  2740 | D:4      | Reached XP level 7. HP: 46/58 MP: 6/6
  2953 | D:4      | Reached skill level 10 in Long Blades
  3441 | D:5      | Entered Level 5 of the Dungeon
  3614 | D:5      | Reached skill level 11 in Long Blades
  3614 | D:5      | Reached XP level 8. HP: 66/66 MP: 7/7
  3655 | D:5      | Noticed Pikel
  3750 | D:5      | Killed Pikel
  3750 | D:5      | Reached skill level 12 in Long Blades
  4069 | D:5      | Found a basalt altar of Yredelemnul.
  4199 | D:6      | Reached skill level 13 in Long Blades
  4632 | D:6      | Found a hide-covered altar of Uskayaw.
  4863 | D:6      | Reached XP level 9. HP: 64/71 MP: 8/8
  4956 | D:6      | Noticed Prince Ribbit
  4970 | D:6      | Killed Prince Ribbit
  5108 | D:6      | Noticed Dowan
  5109 | D:6      | Noticed Duvessa
  5121 | D:6      | Killed Dowan
  5132 | D:6      | Killed Duvessa
  5132 | D:6      | Reached skill level 14 in Long Blades
  5912 | D:7      | Found a shattered altar of Ashenzari.
  5937 | D:7      | Found a staircase to the Ecumenical Temple.
  5944 | Temple   | Entered the Ecumenical Temple
  5962 | Temple   | Became a worshipper of Warmaster Okawaru
  6109 | D:8      | Found a sparkling altar of Nemelex Xobeh.
  6271 | D:8      | Found a shimmering altar of Xom.
  6309 | D:8      | Reached skill level 15 in Long Blades
  6352 | D:8      | Found a glowing silver altar of Zin.
  6352 | D:8      | Found a burning altar of Makhleb.
  6353 | D:8      | Noticed a blizzard demon
  6353 | D:8      | Noticed an angel
  6439 | D:8      | Found a runed translucent gate.
  6439 | D:8      | Found a runed translucent gate.
  6439 | D:8      | Found a runed translucent gate.
  6439 | D:8      | Noticed Folque011's ghost (novice DgCj)
  6439 | D:8      | Noticed Deitsab's ghost (novice MiBe)
  6439 | D:8      | Noticed Gaball's ghost (novice MiBe)
  6440 | D:8      | Noticed Jahylo's ghost (novice DECj)
  6440 | D:8      | Noticed Neremis's ghost (novice GrFi)
  6456 | D:8      | Found a radiant altar of Vehumet.
  6494 | D:8      | Reached skill level 5 in Fighting
  6604 | D:8      | Reached * piety under Okawaru
  6769 | D:8      | Noticed a two-headed ogre
  6783 | D:8      | Killed a two-headed ogre
  6783 | D:8      | Reached ** piety under Okawaru
  6783 | D:8      | Reached XP level 10. HP: 30/88 MP: 9/9
  7102 | D:8      | Killed Deitsab's ghost
  7106 | D:8      | HP: 3/91 [Folque011's ghost/spray of energy (17)]
  7107 | D:8      | Mangled by Neremis's ghost

Levels and vault maps discovered:
D:1:      doesnt_arrival_eight_statues, layout_loops_cross,
          minmay_misc_feat_more_columns, chequers_arboretum,
          minmay_misc_feat_five
D:2:      layout_loops_ring, nicolae_overflow_hidden_temple, first_ration
D:3:      layout_rooms, tso_metal_star, nicolae_gozag_seed_capital,
          minmay_misc_feat_rugged, uniq_jessica, uniq_grinder
D:4:      layout_basic, minmay_curled_crystal, kennysheep_generic_room_4
D:5:      layout_cave_pools, lemuel_zombie_altar_yredelemnul, uniq_pikel
D:6:      layout_gridville, eat_drink_and_be_merry_uskayaw, uniq_prince_ribbit1,
          uniq_duvessa
D:7:      layout_basic, kennysheep_little_box, minmay_temple_entry_statues,
          eino_tiny_chamber
D:8:      layout_loops_corners, grunt_temple_overflow_order_and_chaos_2,
          nemelex_xobeh_ov_fountains_minmay, vehumet_statue, basic_altar,
          gammafunk_ghost_cemetery
Temple:   compressed_dpeg_circular_temple

Skill      XL: |  1  2  3  4  5  6  7  8  9 10 |
---------------+-------------------------------+-----
Long Blades    | 4 5 6 8 9 11 13 15 | 15.2
Fighting       | 8 9 |  9.2
Armour         | |  3.8
Shields        | |  3.8

Action                   |  1- 3 |  4- 6 |  7- 9 | 10-12 || total
-------------------------+-------+-------+-------+-------++-------
Melee: Long sword        |    60 |   123 |   411 |    12 ||   606
       Headbutt          |    10 |    14 |    81 |     5 ||   110
Invok: Heroism           |       |       |       |     1 ||     1
  Use: Scroll            |     6 |     2 |     8 |       ||    16
       Potion            |     1 |       |     2 |     3 ||     6
  Eat: Chunk             |     1 |     5 |     5 |     1 ||    12
       Ration            |       |       |     3 |       ||     3
Armor: Plate armour      |    34 |    58 |   184 |    15 ||   291
Dodge: Dodged            |     4 |    18 |    37 |     3 ||    62
Block: Shield            |    26 |    52 |   151 |    14 ||   243
       Rpst.: Long sword |       |     7 |    15 |       ||    22
